 Dungeon Crawl Stone Soup version 0.30.1-9-gdf580d7c3d (webtiles) character file.

Game seed: 4163073160357343193

582907 Peloso the Minotaur Barricade (level 25, 0/257 HPs)
             Began as a Minotaur Fighter on Oct 23, 2023.
             Was the Champion of Okawaru.
             Slain by a dire elephant (4 damage)
             ... while petrified by a catoblepas
             ... on level 5 of a ziggurat on Oct 24, 2023.
             The game lasted 03:54:56 (73873 turns).

Peloso the Minotaur Barricade (Minotaur Fighter)   Turns: 73873, Time: 03:54:57

Health: 0/257      AC: 20    Str: 29    XL:     25   Next: 99%
Magic:  25/25      EV:  2    Int: 10    God:    Okawaru [******]
Gold:   8842       SH:  0    Dex: 19    Spells: 24/24 levels left

rFire   + + .        a - +7 double sword (spect)
rCold   + + .        d - +2 tower shield {reflect}
rNeg    + + +        r - +8 orange crystal plate armour {Archmagi, Int+3 Clar}
rPois   ∞            M - -2 hat of the Alchemist {rElec rPois rF+ rC+ rN+ Will+ rMut rCorr}
rElec   +            (no cloak)
rCorr   +            v - +0 pair of gloves of Spite {Fly Will+ Str+3}
SInv    +            O - +1 pair of boots "Poerupistro" {rF+}
Will    +++..        T - amulet of Weistroli {Reflect rCorr Str+2 Slay+2 SH+5 SInv} Stlth
                     Q - ring "Biehast" {rC+ Int+2}
HPRegen 0.62/turn    W - +4 ring of slaying
MPRegen 0.19/turn

%: reflection, clarity, resist mutation, archmagi
@: petrified, corroded, flying, slowed, studying 3 skills
A: horns 2, retaliatory headbutt
}: 3/15 runes: serpentine, barnacled, silver
a: Renounce Religion, Heroism, Finesse, Duel


You were on level 5 of a ziggurat.
You worshipped Okawaru.
Okawaru was exalted by your worship.
You visited 10 branches of the dungeon, and saw 46 of its levels.
You visited the Abyss 1 time.
You visited 1 ziggurat, and saw 5 of its levels.
You also visited: Trove, Ossuary, Bailey, Gauntlet, Ice Cave and Desolation.

You collected 11950 gold pieces.
You spent 3108 gold pieces at shops.

Inventory:

Hand Weapons
 a - a +7 spectral double sword (weapon)
 b - a +0 double sword of chaos
 c - the +11 scimitar of Capital Punishment {venom, rC- Dex+5}
   (You bought it in a shop on level 2 of the Orcish Mines)

   Dex:       It affects your dexterity (+5).
   rC:        It makes you vulnerable to cold.
Armour
 d - a +2 tower shield of reflection (worn)
 j - the +0 pair of boots of Ujesecekh {Dex+2}
   (You bought it in a shop on level 2 of the Depths)

   Dex:       It affects your dexterity (+2).
 r - the +8 orange crystal plate armour (worn) {Archmagi, Int+3 Clar}
   (You found it on level 1 of the Shoals)

   Int:       It affects your intelligence (+3).
   Clar:      It protects you from confusion, rage, mesmerisation and fear.
 v - the +0 pair of gloves of Spite (worn) {Fly Will+ Str+3}
   (Okawaru gifted it to you on level 2 of the Vaults)

   Str:       It affects your strength (+3).
   Fly:       It grants you flight.
   Will:      It increases your willpower.
 y - the scarf of Light {shadows, Harm rN++ Will+ Str-2}
   (Okawaru gifted it to you on level 3 of the Elven Halls)

   Str:       It affects your strength (-2).
   rN:        It greatly protects you from negative energy.
   Harm:      It increases damage dealt and taken.
   Will:      It increases your willpower.
 M - the -2 hat of the Alchemist (worn) {rElec rPois rF+ rC+ rN+ Will+ rMut rCorr}
   (You found it on level 3 of the Crypt)

   rF:        It protects you from fire.
   rC:        It protects you from cold.
   rElec:     It insulates you from electricity.
   rPois:     It protects you from poison.
   rN:        It protects you from negative energy.
   rCorr:     It protects you from acid and corrosion.
   rMut:      It protects you from mutation.
   Will:      It increases your willpower.
 O - the +1 pair of boots "Poerupistro" (worn) {rF+}
   (You found it on level 11 of the Dungeon)

   rF:        It protects you from fire.
Jewellery
 e - the ring "Futox" {Ice rN++}
   (You took it off Josephina on level 2 of the Depths)

   [ring of ice]

   It enhances your ice magic.
   rF:        It makes you vulnerable to fire.
   rC:        It protects you from cold.
   rN:        It greatly protects you from negative energy.
 g - an amulet of regeneration
 q - a ring of protection from fire
 Q - the ring "Biehast" (left hand) {rC+ Int+2}
   (You found it on level 2 of the Lair of Beasts)

   [ring of protection from cold]

   Int:       It affects your intelligence (+2).
   rC:        It protects you from cold.
 T - the amulet of Weistroli (around neck) {Reflect rCorr Str+2 Slay+2 SH+5 SInv}
   (You bought it in a shop on level 1 of the Elven Halls)

   [amulet of reflection]

   It reflects blocked missile attacks.
   Str:       It affects your strength (+2).
   Slay:      It affects your accuracy & damage with ranged weapons and melee
   (+2).
   SInv:      It lets you see invisible.
   rCorr:     It protects you from acid and corrosion.
   SH:        It affects your SH (+5).
 W - a +4 ring of slaying (right hand)
Wands
 p - a wand of acid (4)
 D - a wand of digging (8)
Scrolls
 f - 27 scrolls of teleportation
 k - 6 scrolls of magic mapping
 n - 5 scrolls of poison
 o - 8 scrolls of immolation
 A - 8 scrolls of fog
 E - 3 scrolls of fear
 H - a scroll of blinking
Potions
 h - 7 potions of might
 i - 12 potions of flight
 l - 5 potions of haste
 m - 7 potions of heal wounds
 u - 14 potions of curing
 x - 5 potions of resistance
 z - 2 potions of berserk rage
 F - 4 potions of mutation
 P - 7 potions of invisibility


   Skills:
 O Level 27 Fighting
 O Level 27 Long Blades
 + Level 1.9 Staves
 + Level 24.2 Armour
 + Level 13.5 Dodging
 + Level 10.9 Stealth
 O Level 27 Shields
 + Level 4.1 Invocations
 + Level 3.9 Evocations


You had 24 spell levels left.
You didn't know any spells.
Your spell library contained the following spells:

 Spells                   Type           Power      Damage    Failure   Level
 Beastly Appendage        Tmut           0%         N/A       95%         1
 Foxfire                  Conj/Fire      0%         2x1d4     95%         1
 Kiss of Death            Conj/Necr      0%         2d5       95%         1
 Magic Dart               Conj           0%         1d3       95%         1
 Necrotise                Necr           0%         1d4       95%         1
 Sandblast                Erth           0%         2d4       95%         1
 Shock                    Conj/Air       0%         1d3       95%         1
 Slow                     Hex            0%         N/A       95%         1
 Cigotuvi's Dreadful Rot  Necr/Pois/Air  0%         N/A       99%         2
 Ensorcelled Hibernation  Hex/Ice        0%         N/A       99%         2
 Lesser Beckoning         Tloc           0%         N/A       99%         2
 Momentum Strike          Conj/Tloc      0%         3d8       99%         2
 Passwall                 Tmut/Erth      0%         N/A       99%         2
 Poisonous Vapours        Pois/Air       0%         N/A       99%         2
 Scorch                   Fire           0%         2d5       99%         2
 Searing Ray              Conj           0%         2d4       99%         2
 Static Discharge         Conj/Air       0%         2-2/arc   99%         2
 Confusing Touch          Hex            0%         N/A       100%        3
 Dazzling Flash           Conj/Hex       0%         N/A       100%        3
 Frozen Ramparts          Ice            0%         1d1       100%        3
 Gell's Gravitas          Tloc           0%         N/A       100%        3
 Hailstorm                Conj/Ice       0%         3d3       100%        3
 Ignite Poison            Fire/Tmut/Pois 0%         N/A       100%        3
 Mephitic Cloud           Conj/Pois/Air  0%         N/A       100%        3
 Ozocubu's Armour         Ice            0%         N/A       100%        3
 Portal Projectile        Hex/Tloc       0%         N/A       100%        3
 Spider Form              Tmut/Pois      0%         N/A       100%        3
 Stone Arrow              Conj/Erth      0%         3d7       100%        3
 Swiftness                Air            0%         N/A       100%        3
 Teleport Other           Tloc           0%         N/A       100%        3
 Vampiric Draining        Necr           0%         2d6       100%        3
 Vhi's Electric Charge    Tloc/Air       0%         N/A       100%        3
 Volatile Blastmotes      Fire/Tloc      0%         2d10      100%        3
 Airstrike                Air            0%         2d(0-16)  100%        4
 Anguish                  Hex/Necr       0%         N/A       100%        4
 Flame Wave               Conj/Fire      0%         2d4       100%        4
 Ice Form                 Ice/Tmut       0%         N/A       100%        4
 Iskenderun's Mystic Bla  Conj/Tloc      0%         2d3       100%        4
 Leda's Liquefaction      Hex/Erth       0%         N/A       100%        4
 Manifold Assault         Tloc           0%         N/A       100%        4
 Petrify                  Tmut/Erth      0%         N/A       100%        4
 Sticky Flame             Conj/Fire      0%         2d3       100%        4
 Alistair's Intoxication  Tmut/Pois      0%         N/A       100%        5
 Arcjolt                  Conj/Air       0%         1d10      100%        5
 Blade Hands              Tmut           0%         N/A       100%        5
 Borgnjor's Vile Clutch   Necr/Erth      0%         N/A       100%        5
 Fireball                 Conj/Fire      0%         3d3       100%        5
 Freezing Cloud           Conj/Ice/Air   0%         6-21      100%        5
 Irradiate                Conj/Tmut      0%         3d11      100%        5
 Iskenderun's Battlesphe  Conj           0%         2d6       100%        5
 Lee's Rapid Deconstruct  Erth           0%         3d4*      100%        5
 Metabolic Englaciation   Hex/Ice        0%         N/A       100%        5
 Silence                  Hex/Air        0%         N/A       100%        5
 Conjure Ball Lightning   Conj/Air       0%         3x3d6     100%        6
 Dispersal                Tloc           0%         N/A       100%        6
 Eringya's Noxious Bog    Tmut/Pois      0%         N/A       100%        6
 Iron Shot                Conj/Erth      0%         9d1       100%        6
 Plasma Beam              Fire/Air       0%         2x1d11    100%        6
 Starburst                Conj/Fire      0%         6d3       100%        6
 Statue Form              Tmut/Erth      0%         N/A       100%        6
 Dragon Form              Tmut           0%         N/A       100%        7
 Storm Form               Tmut/Air       0%         N/A       100%        7
 Discord                  Hex            0%         N/A       100%        8
 Disjunction              Tloc           0%         N/A       100%        8
 Ignition                 Fire           0%         3d3       100%        8
 Lehudib's Crystal Spear  Conj/Erth      0%         10d2      100%        8
 Maxwell's Capacitive Co  Air            0%         ∞         100%        8
 Chain Lightning          Conj/Air       0%         N/A       100%        9
 Fire Storm               Conj/Fire      0%         5d1       100%        9
 Shatter                  Erth           0%         3d5*      100%        9
 Summon Small Mammal      Summ           Unusable   N/A       N/A         1
 Call Imp                 Summ           Unusable   N/A       N/A         2
 Call Canine Familiar     Summ           Unusable   N/A       N/A         3
 Summon Guardian Golem    Hex/Summ       Unusable   N/A       N/A         3
 Animate Armour           Summ/Erth      Unusable   N/A       N/A         4
 Summon Ice Beast         Ice/Summ       Unusable   N/A       N/A         4
 Summon Lightning Spire   Summ/Air       Unusable   N/A       N/A         4
 Summon Mana Viper        Hex/Summ       Unusable   N/A       N/A         5
 Simulacrum               Ice/Necr       Unusable   N/A       N/A         6
 Summon Cactus Giant      Summ           Unusable   N/A       N/A         6
 Haunt                    Necr/Summ      Unusable   N/A       N/A         7
 Spellforged Servitor     Conj/Summ      Unusable   N/A       N/A         7

Dungeon Overview and Level Annotations

Branches:
Dungeon (15/15)            Temple (1/1) D:5            Lair (5/5) D:9
 Shoals (4/4) Lair:3        Snake (4/4) Lair:3        Slime (0/5) Lair:4
    Orc (2/2) D:12            Elf (3/3) Orc:2        Vaults (5/5) D:13
  Crypt (3/3) Vaults:3       Tomb (0/3) Crypt:3      Depths (4/4) D:15
    Zot (0/5) Depths:4    Ossuary (visited)          Bailey (visited)
  IceCv (visited)         Desolation (visited)      Gauntlet (visited)

Altars:
Ashenzari
Cheibriados
Dithmenos
Elyvilon
Fedhas
Gozag
Makhleb
Nemelex Xobeh
Okawaru
Qazlal
Sif Muna
Trog
Uskayaw
Wu Jian
Xom
Yredelemnul
Zin
The Shining One
Jiyva

Shops:
D:1 [   D:4 *   D:6 :   D:13 **(   Orc:2 (*?*   Elf:1 :::=:   Elf:3 :
Shoals:2 (   Shoals:3 [*   Snake:1 (   Vaults:1 [(   Vaults:3 :   Depths:2 [

Portals:
Hell: Depths:1 Depths:2 Depths:3 Depths:4
Abyss: Depths:1 Depths:3
Pandemonium: Depths:2

Annotations:
Lair:2 Casa
Zig:5 exclusions: ice statue and obsidian statue


Innate Abilities, Weirdness & Mutations

You have a pair of horns on your head.
You reflexively headbutt those who attack you in melee.


Message History

* * * LOW HITPOINT WARNING * * *
The ice beast hits you but does no damage.
The rime drake bites you.
* * * LOW HITPOINT WARNING * * *
The white imp hits you but does no damage.
The dire elephant tramples you!!
* * * LOW HITPOINT WARNING * * *
You hold your ground!
The dire elephant trunk-slaps you but does no damage.
The dire elephant tramples you but does no damage.
The dire elephant trunk-slaps you.
The ice statue glitters chillingly in the dim dungeon light.
The catoblepas gores you.
* * * LOW HITPOINT WARNING * * *
The cane toad stings you!
* * * LOW HITPOINT WARNING * * *
The rime drake bites you but does no damage.
The ice beast hits you but does no damage.
The white imp hits you but does no damage.
The cane toad stings you!
* * * LOW HITPOINT WARNING * * *
The dire elephant tramples you!!
* * * LOW HITPOINT WARNING * * *
You hold your ground!
The dire elephant trunk-slaps you but does no damage.
The dire elephant tramples you!!
* * * LOW HITPOINT WARNING * * *
You hold your ground!
The dire elephant trunk-slaps you but does no damage.
The catoblepas gores you.
* * * LOW HITPOINT WARNING * * *
The rime drake bites you but does no damage.
The ice beast hits you but does no damage.
The cane toad stings you!
* * * LOW HITPOINT WARNING * * *
The white imp gestures at you.
The puff of frost hits you but does no damage.
The dire elephant tramples you.
You hold your ground!
The dire elephant trunk-slaps you!
You die...

▓▓▓▓▓▓▓▓▓▓
▓▓.......8.
▓▓..........
▓▓......3....
▓.∩.w4Y......
▓▓.YFY55.....
▓▓5@kY3.....
▓▓YYY....8.
▓▓▓▓▓▓▓▓▓▓


You could see 2 dire elephants, a catoblepas, an ice statue, an obsidian statue,
an elephant, a torpor snail, a sun demon (summoned), a rust devil (summoned), a
cane toad, a rime drake, a ynoxinul (summoned), 3 ice beasts and 3 white imps.

Vanquished Creatures
  3 ancient liches
  3 dread liches
  A juggernaut (Depths:3)
  Sojobo (Depths:2)
  Josephina (Depths:2)
  A Killer Klown (Zig:1)
  Xtahua (Vaults:4)
  A caustic shrike (Depths:3)
  A golden dragon (Depths:1)
  Jory (Depths:2)
  A bone dragon (Crypt:3)
  the Enchantress (Depths:1)
  4 tentacled monstrosities
  4 liches
  2 deep elf master archers (Elf:3)
  3 quicksilver dragons
  4 titans
  A walking frostbound tome (Depths:3)
  Asterion (Depths:2)
  2 deep elf blademasters (Elf:3)
  A tentacled starspawn (Abyss:2)
  6 ancient champions
  9 sphinxes
  2 krakens (Shoals:2)
  2 revenants (Crypt:3)
  7 shadow dragons
  Gastronok (D:8)
  A storm dragon (Depths:4)
  Roxanne (Snake:1)
  4 nagarajas
  12 tengu reavers
  12 fire giants
  Ilsuiw (Shoals:3)
  2 iron dragons (Depths:3)
  4 frost giants
  27 vault wardens
  2 ghost moths (Depths:2)
  Aizul (Snake:1)
  6 deep elf sorcerers
  3 curse skulls
  2 imperial myrmidons (Desolation)
  7 deep elf elementalists (Elf:3)
  6 orc warlords
  10 ghouls
  A caustic shrike zombie (Crypt:1)
  2 draconian stormcallers (Depths:4)
  7 spriggan defenders
  7 ironbound thunderhulks
  17 stone giants
  3 war gargoyles
  A juggernaut skeleton (Crypt:3)
  19 very ugly things
  26 ironbound preservers
  Nessos (D:14)
  9 vampire knights
  A black draconian (Depths:4)
  2 green draconians (Depths:4)
  13 dire elephants
  6 deep elf demonologists (Elf:3)
  Azrael (Snake:3)
  10 deep elf annihilators (Elf:3)
  A red draconian (Depths:4)
  A purple draconian (Depths:4)
  4 halazid warlocks (Desolation)
  A minotaur (Gauntlet)
  6 spark wasps
  A white draconian (Depths:4)
  A crystal guardian (Desolation)
  10 eidola
  9 ettins
  9 merfolk impalers
  The ghost of TangoThomas the Reanimator, a journeyman DsGl of Ashenzari (Orc:2)
  10 jiangshi
  3 entropy weavers
  4 deep elf death magi
  7 merfolk javelineers
  Fannar (Lair:2)
  6 fire dragons
  18 yaktaur captains
  11 ragged hierophants (Desolation)
  2 deep elf high priests (Elf:3)
  9 great orbs of eyes
  2 spriggan zombies (Crypt:3)
  3 rakshasas
  8 servants of whispers (Desolation)
  4 hydras
  15 ice dragons
  9 peacekeepers
  4 ogre magi (Orc:2)
  41 vault guards
  6 anacondas
  6 salamander tyrants
  3 death knights
  A merfolk avatar (Shoals:3)
  3 catoblepae
  18 two-headed ogres
  6 spriggan air magi
  18 centaur warriors
  A satyr (Shoals:4)
  3 tengu warriors
  A boulder beetle (Zig:2)
  30 dancing weapons
  2 merfolk aquamancers
  6 ironbound frosthearts
  4 alligator snapping turtles
  21 naga warriors
  A titan zombie (Crypt:1)
  4 death yaks
  4 deep troll shamans
  5 deep troll earth magi
  5 vampire magi
  6 spriggan berserkers
  2 spectral dire elephants (Lair:5)
  Urug (D:12)
  13 hell knights
  8 shock serpents
  13 deep elf knights
  Sonja (D:12)
  3 spectral death yaks (Lair:5)
  A skyshark (shapeshifter) (Vaults:5)
  5 salamander mystics
  11 shadow wraiths
  10 skysharks
  2 soul eaters
  8 iron trolls
  A sixfirhy (Gauntlet)
  9 naga sharpshooters
  10 sea snakes
  A bunyip zombie (Crypt:1)
  12 skeletal warriors
  A golden dragon zombie (Crypt:1)
  A deep troll (shapeshifter) (Vaults:5)
  51 deep trolls
  A tengu zombie (Crypt:1)
  10 flayed ghosts
  5 naga ritualists
  3 obsidian statues
  3 bog bodies
  A spectral anaconda (Lair:5)
  A bunyip skeleton (Crypt:2)
  15 deep elf archers
  21 phantasmal warriors
  16 harpies
  8 glowing orange brains
  25 ironbound convokers
  A steelbarb worm (shapeshifter) (Vaults:5)
  10 lindwurms
  2 stone giant zombies
  29 deep elf zephyrmancers
  A frost giant zombie (Crypt:3)
  8 necromancers
  40 deep elf pyromancers
  A sphinx zombie (Crypt:2)
  4 orc sorcerers
  9 wizards
  13 mana vipers
  10 fauns
  14 orc knights
  26 ugly things
  16 salamanders
  A wolf spider (D:15)
  14 cyclopes
  2 human zombies
  20 manticores
  A moth of wrath (shapeshifter) (D:13)
  41 black mambas
  26 naga magi
  A centaur zombie (Crypt:3)
  11 elephants
  5 water nymphs
  7 guardian serpents
  18 vault sentinels
  An eye of devastation (shapeshifter) (Vaults:5)
  3 molten gargoyles (Desolation)
  11 merfolk sirens
  2 torpor snails
  An orange demon (Abyss:2)
  A stone giant skeleton (Crypt:1)
  A frost giant skeleton (Crypt:2)
  2 ice statues (IceCv)
  A naga skeleton (Crypt:3)
  A centaur skeleton (Crypt:3)
  2 alligator snapping turtle zombies
  2 shock serpent skeletons (Crypt:1)
  44 yaktaurs
  A dire elephant skeleton (Lair:5)
  13 cane toads
  A yaktaur (shapeshifter) (Elf:3)
  An alligator snapping turtle skeleton (Crypt:3)
  5 rime drakes
  A guardian mummy (Crypt:3)
  8 freezing wraiths
  8 komodo dragons
  An efreet (Abyss:2)
  3 tengu conjurers
  24 merfolk
  A harpy skeleton (Crypt:1)
  13 trolls
  A tengu simulacrum (Vaults:2)
  9 wind drakes
  Grinder (D:3)
  5 hornets
  66 saltlings
  Prince Ribbit (D:7)
  12 snapping turtles
  A spectral elephant (Lair:5)
  A guardian serpent zombie (Crypt:1)
  22 blink frogs
  18 dream sheep
  A fire giant simulacrum (Depths:2)
  25 slime creatures
  An iron dragon simulacrum (Depths:2)
  3 large abominations (Abyss:2)
  A stone giant simulacrum (Vaults:2)
  An ettin skeleton (Vaults:2)
  2 slime creatures (shapeshifter)
  An air elemental (Elf:3)
  14 water elementals
  A dire elephant simulacrum (Lair:5)
  11 fire elementals
  5 spriggans
  3 shadows
  77 yaks
  A ynoxinul (Abyss:2)
  7 wraiths
  6 wyverns
  Eustachio (D:4)
  2 basilisks
  A steam dragon (D:9)
  20 vampire mosquitoes
  A chaos spawn (Abyss:2)
  A minotaur simulacrum (Crypt:1)
  3 redbacks (Vaults:1)
  A redback (shapeshifter) (Depths:2)
  58 nagas
  5 wargs
  A spectral cane toad (Lair:5)
  A demonspawn zombie (Crypt:2)
  2 acid dragons (D:9)
  22 water moccasins
  A hell hound (Snake:2)
  2 deep troll skeletons (Crypt:1)
  3 two-headed ogre zombies (D:12)
  A floating eye (Depths:3)
  2 ice beasts
  49 orc warriors
  2 elephant zombies (Lair:5)
  3 black bears
  A cane toad skeleton (Crypt:3)
  24 wolves
  A boggart (Elf:3)
  28 ogres
  An ogre (shapeshifter) (Vaults:5)
  An elephant skeleton (Lair:5)
  7 starcursed masses (Abyss:2)
  7 centaurs
  2 phantoms
  9 bullfrogs
  A fire crab zombie (Crypt:1)
  A rime drake skeleton (Crypt:3)
  A draconian skeleton (Crypt:3)
  5 kobold brigands
  A gnoll sergeant (D:7)
  3 scorpions
  A komodo dragon skeleton (Crypt:2)
  6 water moccasin zombies (Ossuary)
  6 necrophages
  A scorpion (shapeshifter) (Abyss:2)
  3 cane toad simulacra (Lair:5)
  4 earth elementals
  3 small abominations (Abyss:2)
  14 wights
  2 troll zombies (D:12)
  5 lindwurm simulacra (IceCv)
  16 killer bees
  7 electric eels
  A howler monkey (D:10)
  6 komodo dragon simulacra (IceCv)
  A hound (D:4)
  12 orc priests
  A jelly (D:7)
  A human skeleton (Crypt:2)
  A sleepcap (D:6)
  19 orc wizards
  A scorpion zombie (Crypt:1)
  An iguana (D:6)
  An ice beast zombie (Crypt:3)
  3 ogre zombies (D:12)
  An acid dragon skeleton (Crypt:3)
  14 mummies
  5 acid dragon simulacra (IceCv)
  8 adders
  7 gnolls
  A swamp drake zombie (Crypt:3)
  2 white imps
  5 steam dragon simulacra (IceCv)
  3 ufetubi
  3 adder zombies
  2 worms
  The ghost of dvd2 the Sneak, a weakling DsDe (D:5)
  5 dart slugs
  66 orcs
  9 bats
  3 endoplasms
  2 giant cockroaches
  4 gnoll zombies (Ossuary)
  4 hobgoblins
  4 quokkas
  10 ball pythons
  A frilled lizard skeleton (Crypt:3)
  5 goblins
  A goblin skeleton (D:12)
  4 goblin zombies
  2 hobgoblin skeletons (D:12)
  11 hobgoblin zombies
  18 kobolds
  3 kobold zombies (Ossuary)
  5 orc skeletons
  13 orc zombies
  A quokka zombie (D:8)
  7 rats
  A spectral weapon (Vaults:2)
  A starspawn tentacle (Abyss:2)
  2 tentacles (Shoals:2)
2325 creatures vanquished.

Vanquished Creatures (others)
  A fire giant (Depths:2)
  A manticore (Shoals:2)
  A saltling (Desolation)
  A frost giant simulacrum (Depths:2)
  A stone giant simulacrum (Depths:2)
  2 nagas
  82 spectral weapons
  6 starspawn tentacles (Abyss:2)
  8 tentacles (Shoals:2)
103 creatures vanquished.

Grand Total: 2428 creatures vanquished

Notes
Turn   | Place    | Note
-------+----------+-------------------------------------------
     0 | D:1      | Peloso the Minotaur Fighter began the quest for the Orb.
     0 | D:1      | Reached XP level 1. HP: 19/19 MP: 0/0
    64 | D:1      | Found Gitesys's Armour Boutique.
    64 | D:1      | Noticed an animated pearl dragon scales
    64 | D:1      | Noticed an animated gold dragon scales
    72 | D:1      | Reached XP level 2. HP: 23/27 MP: 1/1
  1145 | D:2      | Reached XP level 3. HP: 34/34 MP: 2/2
  1368 | D:2      | Reached XP level 4. HP: 41/41 MP: 3/3
  1814 | D:2      | Found a faded altar of an unknown god.
  2043 | D:3      | Found a shimmering blue altar of Sif Muna.
  2056 | D:3      | Reached XP level 5. HP: 37/47 MP: 4/4
  2222 | D:3      | Noticed Grinder
  2231 | D:3      | Killed Grinder
  2232 | D:3      | Reached skill level 5 in Long Blades
  2232 | D:3      | Reached skill level 5 in Armour
  2232 | D:3      | Reached XP level 6. HP: 8/55 MP: 5/5
  2776 | D:4      | Noticed Eustachio
  2808 | D:4      | Killed Eustachio
  2809 | D:4      | Reached skill level 5 in Fighting
  2809 | D:4      | Reached skill level 1 in Dodging
  2897 | D:4      | Found a white marble altar of Elyvilon.
  3343 | D:4      | Found Xivvomp's General Store.
  3348 | D:4      | Bought a scroll of identify for 28 gold pieces
  3407 | D:4      | Reached XP level 7. HP: 61/61 MP: 6/6
  3569 | D:5      | Entered Level 5 of the Dungeon
  3569 | D:5      | Found a snail-covered altar of Cheibriados.
  3592 | D:5      | Found a burning altar of Makhleb.
  3660 | D:5      | Found a sparkling altar of Nemelex Xobeh.
  3679 | D:5      | Found a staircase to the Ecumenical Temple.
  3693 | Temple   | Entered the Ecumenical Temple
  3701 | Temple   | Became a worshipper of Warmaster Okawaru
  3735 | D:5      | Found a runed translucent gate.
  3735 | D:5      | Found a runed translucent gate.
  3735 | D:5      | Found a runed translucent gate.
  3735 | D:5      | Noticed dvd2's ghost (weakling DsDe)
  3769 | D:5      | Noticed a wyvern
  3769 | D:5      | Noticed a yak
  3783 | D:5      | Killed a wyvern
  3792 | D:5      | Killed a yak
  3793 | D:5      | Reached skill level 5 in Shields
  4034 | D:5      | Reached XP level 8. HP: 59/69 MP: 7/7
  4624 | D:5      | Found a shadowy altar of Dithmenos.
  4643 | D:5      | Reached * piety under Okawaru
  4942 | D:6      | Identified the +4 spear of Discomfort {heavy, rPois Int+2}
  5485 | D:6      | Found Foemunub's Book Shop.
  5604 | D:7      | Reached skill level 1 in Stealth
  5692 | D:7      | Reached XP level 9. HP: 14/78 MP: 5/8
  5961 | D:7      | Reached skill level 1 in Invocations
  6272 | D:7      | Noticed Prince Ribbit
  6286 | D:7      | Killed Prince Ribbit
  6585 | D:7      | Reached ** piety under Okawaru
  6851 | D:7      | Reached skill level 10 in Long Blades
  7471 | D:8      | Noticed Gastronok
  7486 | D:8      | Killed Gastronok
  7487 | D:8      | Reached skill level 10 in Armour
  7487 | D:8      | Reached XP level 10. HP: 12/86 MP: 8/10
  7533 | D:8      | Reached skill level 1 in Evocations
  7587 | D:8      | Found a sand-covered staircase.
  7590 | D:8      | Identified the +8 ring mail of the Farmer {Int+6 Dex+2}
  7599 | Ossuary  | Entered an ossuary
  7942 | D:8      | Found a flagged portal.
  7951 | Bailey   | Entered a bailey
  8053 | Bailey   | Identified a scroll of acquirement
  8334 | Bailey   | Found a burning altar of Makhleb.
  9601 | D:9      | Reached *** piety under Okawaru
  9761 | D:9      | Reached XP level 11. HP: 89/94 MP: 11/11
 10115 | D:9      | Found a staircase to the Lair.
 10122 | D:9      | Reached **** piety under Okawaru
 10252 | D:10     | Entered Level 10 of the Dungeon
 10385 | D:10     | Identified the +4 hand axe "Xiucakef" {spect, MP+9 Dex+4
                  | Stlth+}
 10456 | D:10     | Identified the +0 leather armour "Plog" {rPois Dex+2}
 10610 | D:10     | Noticed a two-headed ogre
 10620 | D:10     | Killed a two-headed ogre
 11188 | D:11     | Reached ***** piety under Okawaru
 11223 | D:11     | Received a gift from Okawaru
 11243 | D:11     | Reached skill level 5 in Dodging
 11463 | D:11     | Identified the +1 pair of boots "Poerupistro" {rF+}
 11805 | D:11     | Received a gift from Okawaru
 12028 | Lair:1   | Entered Level 1 of the Lair of Beasts
 12141 | D:9      | Reached XP level 12. HP: 65/105 MP: 12/12
 12662 | Lair:1   | Reached skill level 10 in Fighting
 12761 | Lair:1   | Reached ****** piety under Okawaru
 13246 | Lair:2   | Received a gift from Okawaru
 13247 | Lair:2   | Reached skill level 15 in Long Blades
 13349 | Lair:2   | Reached skill level 10 in Shields
 13444 | Lair:2   | Noticed Fannar
 13507 | Lair:2   | Killed Fannar
 13660 | Lair:2   | Noticed a catoblepas
 13682 | Lair:2   | Killed a catoblepas
 13787 | Lair:2   | Identified the ring "Biehast" {rC+ Int+2}
 14225 | Lair:3   | Found a staircase to the Shoals.
 14282 | Lair:3   | Noticed a death yak
 14307 | Lair:2   | Killed a death yak
 14358 | Lair:2   | Reached XP level 13. HP: 89/116 MP: 13/13
 14486 | Lair:3   | Received a gift from Okawaru
 14818 | Lair:3   | Found a staircase to the Snake Pit.
 15266 | D:12     | Found a frozen archway.
 15272 | IceCv    | Entered an ice cave
 15742 | IceCv    | Identified the amulet of Sageugit {Acrobat Fly rC+ rN+
                  | Dex+5}
 15968 | D:12     | Noticed Urug
 15987 | D:12     | Killed Urug
 16103 | D:12     | Found a staircase to the Orcish Mines.
 16347 | D:12     | Received a gift from Okawaru
 16415 | D:12     | Noticed Sonja
 16418 | D:12     | Killed Sonja
 16858 | Orc:1    | Entered Level 1 of the Orcish Mines
 16916 | Orc:1    | Noticed an orc warlord
 16971 | Orc:1    | Killed an orc warlord
 17034 | Orc:1    | Noticed an orc warlord
 17041 | Orc:1    | Noticed an orc warlord
 17073 | Orc:1    | Killed an orc warlord
 17202 | D:12     | Killed an orc warlord
 17653 | Orc:1    | Identified the +0 lajatang of Ignis's Indignation {venom,
                  | Drain rPois Int+3}
 17669 | Orc:1    | Found the sphere of Battle
 17826 | Orc:2    | Entered Level 2 of the Orcish Mines
 17864 | Orc:1    | Reached XP level 14. HP: 112/129 MP: 15/15
 17878 | Orc:1    | Received a gift from Okawaru
 17989 | Orc:2    | Found a bloodstained altar of Trog.
 18091 | Orc:2    | Found a staircase to the Elven Halls.
 18442 | Orc:2    | Found Baojav's Assorted Antiques.
 18442 | Orc:2    | Found Cages's Assorted Antiques.
 18443 | Orc:2    | Found Otweism's Magic Scroll Boutique.
 18443 | Orc:2    | Found Suosoas's Weapon Shoppe.
 18451 | Orc:2    | Bought a scroll labelled ESUKHLO DOPNOUFF for 20 gold
                  | pieces
 18451 | Orc:2    | Bought 2 fizzy dark potions for 36 gold pieces
 18452 | Orc:2    | Bought a scroll of magic mapping for 105 gold pieces
 18469 | Orc:2    | Bought a scroll of identify for 28 gold pieces
 18507 | Orc:2    | Found a runed translucent door.
 18507 | Orc:2    | Found a shimmering altar of Xom.
 18507 | Orc:2    | Noticed TangoThomas's ghost (journeyman DsGl)
 19024 | Elf:1    | Entered Level 1 of the Elven Halls
 19192 | Elf:1    | Identified the +0 chain mail of Feenulab {Str+5 Stlth-}
                  | (Okawaru gifted it to you on level 1 of the Elven Halls)
 19192 | Elf:1    | Received a gift from Okawaru
 19216 | Orc:2    | Acquired the amulet of the King {Reflect SH+5 Stlth+}
 19511 | Lair:4   | Found a gate leading to a gauntlet.
 19526 | Gauntlet | Entered a Gauntlet
 19526 | Gauntlet | Found a transporter.
 19526 | Gauntlet | Found a transporter.
 19526 | Gauntlet | Found a runed translucent door.
 19532 | Gauntlet | Found a transporter.
 19545 | Gauntlet | Found a transporter.
 19566 | Gauntlet | Found a transporter.
 19566 | Gauntlet | Found a transporter.
 19568 | Gauntlet | Found a transporter.
 19571 | Gauntlet | Found a transporter.
 19571 | Gauntlet | Found a transporter.
 19595 | Gauntlet | Found a transporter.
 19602 | Gauntlet | Found a transporter.
 19610 | Gauntlet | Found the necklace of Bloodlust {Fury *Rage Will++ Int-3
                  | Slay+6}
 19627 | Gauntlet | Found a transporter.
 19632 | Gauntlet | Found a transporter.
 19679 | Gauntlet | Found a transporter.
 19689 | Gauntlet | Found a runed translucent door.
 19904 | Gauntlet | Identified the +1 pair of boots of Wiotein {rPois Regen+
                  | rCorr Slay-5}
 19938 | Gauntlet | Identified the staff of poison "Ymeffac" {rPois Will+}
 20178 | Lair:4   | Reached XP level 15. HP: 129/139 MP: 16/16
 20915 | Lair:4   | Found a viscous altar of Jiyva.
 20919 | Lair:4   | Found a staircase to the Slime Pits.
 20987 | Lair:5   | Entered Level 5 of the Lair of Beasts
 21486 | Lair:5   | Reached skill level 15 in Fighting
 21692 | Lair:5   | Reached skill level 15 in Armour
 22282 | Lair:5   | Received a gift from Okawaru
 22696 | Lair:5   | Identified the +6 arbalest of Oozing Pus {drain, Drain
                  | rElec rPois rN+}
 23614 | Orc:2    | Killed TangoThomas's ghost
 23622 | Orc:2    | Identified the staff of air "Foecami" {rElec rPois Int+5
                  | Dex-4}
 23643 | Orc:2    | Bought the +11 scimitar of Capital Punishment {venom, rC-
                  | Dex+5} for 984 gold pieces
 23706 | D:13     | Found Vion's Specific Store.
 23706 | D:13     | Found Rac Eny's General Store.
 23718 | D:13     | Bought a wand of digging (6) for 378 gold pieces
 23843 | D:13     | Found Ysurchuf's Antique Weapon Shop.
 24127 | D:13     | Identified the +0 leather armour "Lueceol" {rElec rN+
                  | Str+4}
 24232 | D:13     | Received a gift from Okawaru
 24238 | D:13     | Found a gate to the Vaults.
 25197 | D:14     | Found a portal to a secret trove of treasure.
 25317 | Orc:2    | Bought a scroll of fog for 120 gold pieces
 25318 | Orc:2    | Bought a scroll of fog for 56 gold pieces
 25639 | D:14     | You paid a toll of 5 scrolls of fog to enter a treasure
                  | trove
 25640 | Trove    | Entered a treasure trove
 25685 | Trove    | Got Sif Muna's Reference Book on Harmful Quicksand
 25740 | Trove    | Acquired 612 gold pieces
 26120 | D:14     | Noticed Nessos
 26577 | D:14     | HP: 5/145 [Nessos/arrow (3)]
 26583 | D:14     | Killed Nessos
 27017 | D:14     | Reached XP level 16. HP: 139/152 MP: 17/17
 27112 | D:15     | Entered Level 15 of the Dungeon
 27303 | D:15     | Reached skill level 10 in Dodging
 27314 | D:15     | Reached skill level 1 in Staves
 27625 | D:15     | Found a staircase to the Depths.
 27984 | D:15     | Reached skill level 15 in Shields
 28260 | D:15     | Found an opulent altar of Gozag.
 28584 | Elf:1    | Found Iroerunu's Book Boutique.
 28651 | Elf:1    | Received a gift from Okawaru
 28929 | Elf:1    | Found Piesipuw's Jewellery Boutique.
 28929 | Elf:1    | Found Ajohyj's Book Emporium.
 28935 | Elf:1    | Found Mampiqiw's Book Emporium.
 28942 | Elf:1    | Bought the amulet of Weistroli {Reflect rCorr Str+2 Slay+2
                  | SH+5 SInv} for 891 gold pieces
 29760 | Elf:1    | Found Viletin's Vocational Training.
 30040 | Elf:2    | Received a gift from Okawaru
 30082 | Elf:2    | Found a crumbling gateway.
 30103 | Elf:2    | Reached XP level 17. HP: 125/162 MP: 18/18
 30121 | Desolati | Entered the Desolation of Salt
 30279 | Desolati | Received a gift from Okawaru
 31084 | Desolati | Identified the +1 plate armour of Qupliq {rElec rC+ Int+2}
 31237 | Desolati | Identified the amulet "Abbirch" {Acrobat Slay+6}
 31322 | Desolati | HP: 2/138 [halazid warlock/bolt of negative energy (48)]
 31965 | Desolati | Reached XP level 18. HP: 111/152 MP: 17/19
 32420 | Desolati | Identified the ring of the Monkey {Ice *Corrode rN+ Slay+3
                  | Stlth+}
 32481 | Desolati | Received a gift from Okawaru
 32986 | Desolati | Received a gift from Okawaru
 33478 | Desolati | Identified the +1 lajatang of Frustration {heavy, rC++}
 33493 | Desolati | Identified the +2 robe "Ilavenon" {rPois}
 33553 | Desolati | Got Jaaqa's Tome of Exothermic Jinxing
 33586 | Desolati | Got the Lessons on Fateful Conflagration
 33598 | Desolati | Got the Lectures on the Mausoleum
 34237 | Snake:1  | Entered Level 1 of the Snake Pit
 34257 | Snake:1  | Noticed Aizul
 34271 | Snake:1  | Killed Aizul
 35165 | Snake:1  | Identified the +1 flail of the Slime-mould {drain, *Corrode
                  | Int+3}
 35296 | Snake:1  | Received a gift from Okawaru
 35405 | Snake:1  | Noticed Roxanne
 35419 | Snake:1  | Killed Roxanne
 35786 | Snake:1  | Found Ytixket's Weapon Shop.
 38015 | Shoals:1 | Entered Level 1 of the Shoals
 38046 | Shoals:1 | Found the +8 orange crystal plate armour {Archmagi, Int+3
                  | Clar}
 38518 | Shoals:1 | Received a gift from Okawaru
 38596 | Shoals:1 | Identified the +10 chain mail "Itofifet" {rN+ Dex+3 Stlth+}
 39112 | Shoals:2 | Reached XP level 19. HP: 182/182 MP: 20/20
 39382 | Shoals:2 | Found Gupp's Antique Weapon Shop.
 40483 | Snake:3  | Noticed Azrael
 40765 | Snake:3  | Killed Azrael
 41807 | Snake:3  | Identified the +0 battleaxe "Cadyxko" {freeze, Drain rC++
                  | Str-3 Stlth+}
 42033 | Snake:3  | Identified the ring "Ytaafil" {Fire Str+2 Int+6 Dex-4}
 42821 | Snake:4  | Entered Level 4 of the Snake Pit
 42886 | Snake:4  | Received a gift from Okawaru
 44146 | Snake:4  | Received a gift from Okawaru
 45278 | Snake:4  | Got a serpentine rune of Zot
 45911 | Shoals:3 | Found Gasas's Armour Shop.
 45957 | Shoals:3 | Found Baurosk's Assorted Antiques.
 45962 | Shoals:3 | Noticed Ilsuiw
 45997 | Shoals:3 | Reached XP level 20. HP: 166/193 MP: 21/21
 46005 | Shoals:3 | Killed Ilsuiw
 46005 | Shoals:3 | Identified the +2 hat of Precision Catastrophes {rF+}
                  | (Okawaru gifted it to you on level 3 of the Shoals)
 46005 | Shoals:3 | Received a gift from Okawaru
 46132 | Shoals:3 | Bought a potion of heal wounds for 180 gold pieces
 46826 | Shoals:4 | Entered Level 4 of the Shoals
 46868 | Shoals:4 | Got the Tractate on Confrontation and the Pyre
 48000 | Shoals:4 | Got a barnacled rune of Zot
 48670 | Vaults:1 | Entered Level 1 of the Vaults
 49003 | Vaults:1 | Identified the +0 robe of Ydoshralu {rPois rF+ Str+3 Int-5
                  | Stlth+} (Okawaru gifted it to you on level 1 of the Vaults)
 49003 | Vaults:1 | Received a gift from Okawaru
 49374 | Abyss:2  | Cast into level 2 of the Abyss (orc knight)
 49389 | Abyss:2  | Found a corrupted altar of Lugonu.
 49399 | Abyss:2  | Found a corrupted altar of Lugonu.
 49444 | Abyss:2  | Paralysed by accursed screaming for 1 turns
 49449 | Abyss:2  | Paralysed by accursed screaming for 1 turns
 49612 | Vaults:1 | Escaped the Abyss
 50195 | Vaults:1 | Found Luarph's Weapon Emporium.
 50278 | Vaults:1 | Found Hoxoh's Antique Armour Shoppe.
 50696 | Vaults:2 | Identified the +0 pair of gloves of Spite {Fly Will+ Str+3}
                  | (Okawaru gifted it to you on level 2 of the Vaults)
 50696 | Vaults:2 | Received a gift from Okawaru
 50824 | Vaults:2 | Reached XP level 21. HP: 198/204 MP: 22/22
 50949 | Vaults:2 | Reached skill level 5 in Stealth
 51041 | Vaults:2 | Identified the +5 arbalest of Peace {elec, rF- Dex+4}
 51997 | Vaults:3 | Found a staircase to the Crypt.
 52675 | Vaults:3 | Received a gift from Okawaru
 53062 | Vaults:3 | Found Geeq's Book Shoppe.
 53431 | Vaults:4 | Noticed Xtahua
 53442 | Vaults:4 | Killed Xtahua
 53499 | Vaults:4 | Received a gift from Okawaru
 53998 | Vaults:4 | Reached XP level 22. HP: 176/215 MP: 23/23
 54062 | Vaults:4 | Identified the +0 robe of Insurance {*Corrode +Inv Str+4
                  | Dex+3}
 54268 | Vaults:4 | Identified the +0 leather armour of Daisies {rF+ rC+++
                  | Will++}
 54297 | Vaults:4 | Paralysed by a great orb of eyes for 4 turns
 54898 | Vaults:5 | Entered Level 5 of the Vaults
 55120 | Vaults:5 | Noticed an ancient lich
 55544 | Vaults:4 | Killed an ancient lich
 55679 | Vaults:5 | Identified the +1 animal skin of the Sturgeon {Harm rElec
                  | rCorr Str-2} (Okawaru gifted it to you on level 5 of the
                  | Vaults)
 55679 | Vaults:5 | Received a gift from Okawaru
 55809 | Vaults:5 | Identified the +1 broad axe "Jishreohonu" {pain, rF+}
 55818 | Vaults:5 | Identified the +6 shortbow of Saltpetre {elec, Will+ Int+4}
 56252 | Vaults:5 | Got a silver rune of Zot
 56474 | Vaults:5 | HP: 10/219 [sphinx (7)]
 56489 | Vaults:5 | Paralysed by a sphinx for 3 turns
 56651 | Vaults:5 | Noticed a dread lich
 56658 | Vaults:5 | Killed a dread lich
 56758 | Vaults:5 | Identified the +1 tower shield of Defence {Rampage rPois
                  | rCorr Str-4}
 56847 | Vaults:5 | Received a gift from Okawaru
 56853 | Vaults:5 | Reached XP level 23. HP: 188/226 MP: 25/25
 57181 | Vaults:5 | Noticed a dread lich
 57190 | Vaults:5 | Killed a dread lich
 57308 | Vaults:5 | Identified the staff of conjuration "Suisak" {rF+ Int-2
                  | Dex+3 SInv}
 57587 | Vaults:5 | Reached skill level 27 in Shields
 57694 | Vaults:5 | Identified the +1 falchion "Molerph" {heavy, Will+ rCorr}
 57707 | Vaults:5 | Identified the +13 plate armour of Decompression {rElec rF-
                  | rN+ Dex+5}
 57776 | Vaults:5 | Noticed an ancient lich
 57783 | Vaults:5 | Killed an ancient lich
 57786 | Vaults:5 | Identified the ring "Raklaj" {+Blink Will+ rCorr Str+6
                  | Dex-5}
 57788 | Vaults:5 | Identified the ring "Zajoe" {Fly rPois rC- rN+ rCorr}
 59008 | Elf:2    | Found a huge runed translucent gate.
 59008 | Elf:2    | Found a huge runed translucent gate.
 59009 | Elf:2    | Found a huge runed translucent gate.
 59009 | Elf:2    | Found a huge runed translucent gate.
 59010 | Elf:2    | Found a huge runed translucent gate.
 59193 | Elf:3    | Entered Level 3 of the Elven Halls
 59388 | Elf:3    | Identified the scarf of Light {shadows, Harm rN++ Will+
                  | Str-2} (Okawaru gifted it to you on level 3 of the Elven
                  | Halls)
 59388 | Elf:3    | Received a gift from Okawaru
 59661 | Elf:3    | Found Jaovaux's One-of-a-Kind Books.
 60248 | Elf:3    | Identified the ring "Poereim" {rPois Str+2 Int+6}
 60304 | Elf:3    | Identified the staff of conjuration "Zelaits" {rC+ rN+}
 60326 | Elf:3    | Got the Papyrus of Hoarfrost and Voltage
 60333 | Elf:3    | Got Duer's Atlas of Foul Flesh
 60396 | Elf:3    | Identified the staff of fire "Viysukk" {rPois rF+}
 60411 | Elf:3    | Identified the +2 dagger of Uskayaw, Destroying {holy, rF+
                  | rC+ Str+2 Int+2}
 61403 | Depths:1 | Entered Level 1 of the Depths
 61443 | Depths:1 | Acquired 954 gold pieces
 61456 | Depths:1 | Found a one-way gate to the infinite horrors of the Abyss.
 61524 | Depths:1 | Received a gift from Okawaru
 61764 | Depths:1 | Reached XP level 24. HP: 239/239 MP: 25/25
 62103 | Depths:1 | Noticed the Enchantress
 62139 | Depths:1 | Killed the Enchantress
 62360 | Depths:1 | Found a gateway to Hell.
 62375 | Depths:1 | Found a glowing silver altar of Zin.
 62740 | Crypt:1  | Entered Level 1 of the Crypt
 64041 | Crypt:2  | Found a basalt altar of Yredelemnul.
 64341 | Crypt:3  | Entered Level 3 of the Crypt
 64660 | Crypt:3  | Received a gift from Okawaru
 64800 | Crypt:3  | HP: 12/243 [ettin simulacrum[a vampire mage] (14)]
 65296 | Crypt:3  | Found the -2 hat of the Alchemist {rElec rPois rF+ rC+ rN+
                  | Will+ rMut rCorr}
 65341 | Crypt:3  | Noticed a dread lich
 65341 | Crypt:3  | Noticed an ancient lich
 65662 | Crypt:3  | Found a staircase to the Tomb.
 65777 | Crypt:3  | Identified the +4 ring mail of the Illusory Wishes {Rampage
                  | MP-9 Int-5 SInv}
 65783 | Crypt:3  | Killed a dread lich
 65787 | Crypt:3  | Killed an ancient lich
 65797 | Crypt:3  | Identified the +7 chain mail of Insurance {Harm rPois Int-3
                  | Dex-4}
 65803 | Crypt:3  | Identified the +8 long sword of the Sun {drain, Str+3}
 66713 | Depths:2 | Noticed Sojobo
 66729 | Depths:2 | Killed Sojobo
 66869 | Depths:2 | Identified the ring "Futox" {Ice rN++}
 66869 | Depths:2 | Noticed Josephina
 67288 | Depths:2 | Killed Josephina
 67302 | Depths:2 | Noticed Asterion
 67311 | Depths:2 | Killed Asterion
 67338 | Depths:2 | Identified the +3 flail of Ycwaluan {elec, rC+}
 67359 | Depths:2 | Found Kekhlosi's Armour Boutique.
 67368 | Depths:2 | Bought the +0 pair of boots of Ujesecekh {Dex+2} for 282
                  | gold pieces
 67846 | Depths:2 | Found a one-way gate leading to the halls of Pandemonium.
 67857 | Depths:2 | Reached XP level 25. HP: 253/253 MP: 25/25
 68160 | Depths:2 | Noticed Jory
 68178 | Depths:2 | Killed Jory
 68241 | Depths:2 | Identified the +6 battleaxe "Ziseug" {speed, *Slow rCorr
                  | Str+4}
 68475 | Depths:2 | Identified the +2 robe "Kuguemar" {Rampage rF++} (Okawaru
                  | gifted it to you on level 2 of the Depths)
 68475 | Depths:2 | Received a gift from Okawaru
 68480 | Depths:2 | Identified the staff of earth "Oxonaubya" {Dex+5}
 69201 | Depths:3 | Reached skill level 27 in Long Blades
 69208 | Depths:3 | Paralysed by a floating eye for 2 turns
 69247 | Depths:3 | Reached skill level 27 in Fighting
 69337 | Depths:3 | Noticed a juggernaut
 69348 | Depths:3 | Killed a juggernaut
 69531 | Depths:3 | Identified the +2 shortbow "Lenecuss" {antimagic, rElec
                  | rPois Will++ Int-4}
 69606 | Depths:3 | Found a one-way gateway to a ziggurat.
 69639 | Depths:3 | Identified the +1 robe of Surprise {Contam rN+++}
 69739 | Depths:3 | Identified the staff of cold "Joihionid" {rC+ Dex+4 Stlth+}
 69938 | Depths:4 | Entered Level 4 of the Depths
 70294 | Depths:4 | Reached skill level 10 in Stealth
 70434 | Depths:4 | Received a gift from Okawaru
 71481 | Depths:4 | Found a gate to the Realm of Zot.
 71570 | Depths:4 | Acquired 1212 gold pieces
 72204 | D:5      | Killed dvd2's ghost
 73553 | Zig:1    | Entered Level 1 of a ziggurat
 73554 | Zig:1    | Noticed a Killer Klown
 73566 | Zig:1    | Killed a Killer Klown
 73580 | Zig:2    | Entered Level 2 of a ziggurat
 73751 | Zig:3    | Entered Level 3 of a ziggurat
 73802 | Zig:4    | Entered Level 4 of a ziggurat
 73839 | Zig:5    | Entered Level 5 of a ziggurat
 73872 | Zig:5    | HP: 8/257 [dire elephant (10)]
 73873 | Zig:5    | Slain by a dire elephant

Illustrated notes

Levels and vault maps discovered:
D:1:      reono_arrival_forest_river, layout_rooms, serial_shops,
          nicolae_shop_mannequins, supply_closet_lemuel
D:2:      minmay_thinvault, layout_loops_corners,
          dilly_ecumenical_altar_fadedgnrine, chequers_serial_rivers_micro_d
D:3:      layout_loops_ring, mainiacjoe_overflow_catwalk, uniq_grinder
D:4:      layout_basic, elyvilon_altar_3, serial_shops, kennysheep_little_box,
          kennysheep_generic_room_2, uniq_eustachio
D:5:      kennysheep_big_flooded_room, layout_basic, grunt_dithmenos_shadows,
          nemelex_spade_bored_becter, mainiacjoe_overflow_large_starburst,
          minmay_temple_entry_offerings, ebering_ghost_rock_garden
D:6:      layout_rooms, serial_shops, nicolae_shop_back_alley_shop
D:7:      layout_cave_pods, fountainhead, minivault_1, kennysheep_flooded_box,
          serial_bayou_pond_c, uniq_prince_ribbit1
D:8:      layout_layer_cave, enter_bailey_2, enter_ossuary_4,
          minmay_tree_intersection, uniq_gastronok
D:9:      layout_stronghold, grunt_lair_entry_orc_guard_hut
D:10:     cheibrodos_two_vegetables, layout_irregular_city, serial_column_ruins,
          column_ruins_open_medium, column_ruins_corridor_straight,
          column_ruins_columns_straight, column_ruins_corridor_dead_end
D:11:     layout_irregular_city
D:12:     layout_loops_ring, zombieorc2_lemuel, portal_ice_cave_entry_pillars_1,
          uniq_sonja, uniq_urug
D:13:     layout_irregular_city, erik_vaults_1, serial_shops,
          nicolae_shop_behind_doors, nicolae_specific_store
D:14:     layout_grid_maze, enter_trove_2, minivault_24, uniq_nessos
D:15:     grunt_enter_depths_hoard, layout_basic, lemuel_coloured_pillars_altar
Temple:   compressed_dpeg_triangle_lava_temple
Lair:1:   layout_regular_city, grunt_megastairs_3
Lair:2:   layout_cave_pods, minivault_25, uniq_fannar
Lair:3:   layout_long_grid, elwin_shoals_entry_rocks,
          minmay_snake_entry_six_corridors, infiniplex_staircase_pool_2
Lair:4:   layout_small_grid, dpeg_slime_entry_corner, gauntlet_entry_generic
Lair:5:   due_jungle_book, layout_regular_city, wad_woods_road_03,
          grunt_megastairs_2, lemuel_fruit_tree
Shoals:1: layout_shoals, st_shoals_ruin
Shoals:2: layout_shoals, serial_shops, shop
Shoals:3: layout_shoals, serial_shops, nicolae_shop_crystal, shop, uniq_ilsuiw
Shoals:4: shoals_end_simple, layout_shoals
Snake:1:  layout_chambers, minmay_shop_star, nicolae_triple_integral,
          uniq_aizul, uniq_roxanne
Snake:2:  layout_chambers
Snake:3:  layout_chambers, nicolae_snake_storage_room, uniq_azrael
Snake:4:  minmay_snake_end_coiled, layout_cave_town, drop_trap,
          nicolae_snake_ghostly_warrior_ritual
Orc:1:    layout_caves, basic_altar, minmay_orc_treasury
Orc:2:    st_orc_ogre_mass, layout_caves, basic_altar, ebering_ghost_xom
Elf:1:    nicolae_elf_arrival_fired_up, layout_geoelf_grid, serial_shops, shop,
          minivault_28, nicolae_shop_vocational, minmay_shop_grove
Elf:2:    elven_hall_of_blades_hangedman_alternative
          [nicolae_blade_entry_area_security], layout_geoelf_octagon,
          portal_desolation_entry_salt
Elf:3:    grunt_elf_hall_asides, layout_geoelf_grid, nicolae_rare_books,
          hangedman_elf_disciples
Vaults:1: nicolae_vaults_border_crossing, nicolae_vaults_more_shelving_2,
          vaults_room_grid, special_room_vaults [special_room_orc],
          nicolae_vaults_tangram_1, nicolae_vaults_network_star,
          vaults_room_fours, layout_vaults_omnigrid, serial_shops, shop, shop
Vaults:2: dpeg_vaults_monster_row, v_misc_9, nicolae_vaults_yaktaur_gun_rack,
          hangedman_vaults_stretched_pinwheel, grunt_vaults_hallway_long,
          vaults_room_door_ring, ontoclasm_vaults_shuriken, v_pattern_2,
          hangedman_vaults_nails, ontoclasm_vaults_chip,
          nicolae_vaults_storage_room_water, layout_vaults_big_room
Vaults:3: nicolae_vaults_closet_pinwheel_3, nicolae_vaults_asterisk,
          blue_anna_dwarven_crypt, v_misc_1, ontoclasm_vaults_spin,
          nicolae_vaults_wrenched, nicolae_vaults_tangram_1,
          nicolae_vaults_trapezoid_lopsided_3, hangedman_vaults_capsules,
          vaults_mumra_minichess_inversion, nicolae_vaults_house_1,
          nicolae_vaults_specimen_jars, layout_vaults_omnibox, serial_shops,
          nicolae_shop_window_shopping
Vaults:4: nicolae_vaults_double_plus_3, vaults_room_grid, v_misc_9,
          nicolae_vaults_tetromino_Z_2, vaults_dpeg_ring, v_rooms_6,
          nicolae_vaults_octothorpe, hangedman_vaults_cutoff,
          nicolae_vaults_theta, nicolae_vaults_weapon_check,
          nicolae_vaults_layer_cake_slice, ontoclasm_vaults_gallery,
          grunt_vaults_twisty, v_pattern_5, nicolae_vaults_little_ls,
          nicolae_vaults_tetromino_T_2, nicolae_vaults_tetromino_Z_1,
          layout_vaults_big_cross, uniq_xtahua
Vaults:5
Crypt:1:  layout_basic, lemuel_nasty_fountain
Crypt:2:  layout_gridlike, basic_altar, minivault_11
Crypt:3:  david_glass_crypt, layout_rooms,
          nicolae_tomb_entry_unfolded_pyramid_diagonal, serial_co_window_serial,
          co_window_of_opportunity_a, co_window_corner_a,
          co_window_of_opportunity_a, co_window_corner_a, co_window_corner_a,
          co_window_2corner, co_window_of_opportunity_b,
          co_window_of_opportunity_b, co_window_broadway_a
Depths:1: cross_vault, layout_cave_pools, hell_entry, abyss_entry, st_stairs_9,
          hangedman_glass_teeth, zin_scriptorium, uniq_enchantress
Depths:2: due_jory_tower, layout_cave_pools, pan_entry, serial_shops, shop,
          hell_entry, solitary_fountain, nicolae_eternal_life,
          infiniplex_staircase_pillars_2, uniq_asterion, uniq_sojobo,
          uniq_josephina
Depths:3: hangedman_arch_fort, layout_cave_pools, enter_ziggurat_a, hell_entry,
          abyss_entry_small_statue_room
Depths:4: grunt_zot_entry_hairpin, layout_basic, grunt_hell_entry_dis_mu,
          minmay_misc_feat_hallway, grunt_ministairs_9
Zig:5

Skill      XL: |  1  2  3  4  5  6  7  8  9 10 11 12 13 14 15 16 17 18 19 20 21 22 23 24 25 |
---------------+----------------------------------------------------------------------------+-----
Fighting       | 4 5 6 7 8 9 11 13 14 16 17 18 19 20 21 22 23 24 26 27 | 27.0
Armour         | 4 5 7 8 10 11 12 14 15 17 18 19 20 21 24 | 24.2
Shields        | 4 5 6 7 8 10 12 13 14 15 16 19 21 23 25 26 27 | 27.0
Long Blades    | 3 4 5 6 7 9 11 12 14 15 16 17 18 19 20 21 22 23 25 26 27 | 27.0
Dodging        | 1 2 3 6 8 9 10 11 12 13 | 13.5
Stealth        | 1 2 3 4 5 6 7 9 10 | 10.9
Invocations    | 2 3 4 |  4.1
Evocations     | 1 2 3 |  3.9
Staves         | 1 |  1.9

Action                     |  1- 3 |  4- 6 |  7- 9 | 10-12 | 13-15 | 16-18 | 19-21 | 22-24 | 25-27 || total
---------------------------+-------+-------+-------+-------+-------+-------+-------+-------+-------++-------
  Melee: Long sword        |    79 |   100 |   244 |   855 |   360 |       |       |       |       ||  1638
         Headbutt          |    14 |    14 |    47 |   210 |   520 |   318 |   537 |   516 |   192 ||  2368
         Demon blade       |       |       |       |       |  1257 |   574 |       |       |       ||  1831
         Scimitar          |       |       |       |       |   148 |   474 |   711 |       |       ||  1333
         Staff             |       |       |       |       |    19 |    35 |       |       |       ||    54
         Double sword      |       |       |       |       |       |       |   947 |  1352 |   521 ||  2820
 Invoke: Heroism           |       |       |     3 |     9 |    30 |    10 |     4 |     6 |     1 ||    63
  Evoke: Wand              |       |       |     3 |    10 |    12 |     2 |       |    11 |       ||    38
    Use: Potion            |     5 |     1 |     1 |     3 |     7 |    12 |     3 |     5 |       ||    37
         Scroll            |     2 |     2 |     9 |     8 |    15 |    11 |     7 |     9 |     7 ||    70
   Stab: Sleeping          |       |       |       |     1 |     3 |       |     1 |     1 |       ||     6
         Distracted        |       |       |       |       |     1 |       |    18 |    51 |    13 ||    83
         Paralysed         |       |       |       |       |       |       |       |     1 |       ||     1
 Armour: Scale mail        |    32 |       |       |       |       |       |       |       |       ||    32
         Chain mail        |    27 |    74 |   112 |    57 |       |       |   334 |   190 |       ||   794
         Ring mail         |       |       |       |   282 |   159 |       |       |       |       ||   441
         Plate armour      |       |       |       |       |   759 |   456 |       |   213 |       ||  1428
         Crystal plate arm |       |       |       |       |       |    46 |   238 |    38 |   244 ||   566
  Dodge: Dodged            |    44 |    44 |   104 |   423 |   813 |   443 |   531 |   494 |   162 ||  3058
  Block: Buckler           |    24 |    31 |    76 |   232 |   648 |   472 |       |       |       ||  1483
         Reflection        |       |       |       |       |       |    73 |   264 |    66 |    16 ||   419
         Tower shield      |       |       |       |       |       |   470 |  2258 |  1724 |   700 ||  5152
